| TOP OF THE 1ST |
|
Atlanta (MID) Braves batting - Pitching for South Bend Cubs : RHP Steve Vint
|
|
Pitching: RHP Steve Vint
|
|
|
Batting: RHB Toki Takeuchi
|
0-0: DOUBLE (Line Drive, 78M, EV 100.6 MPH)
|
|
Batting: RHB Nick Holsinger
|
0-0: Ball 1-0: Ball 2-0: Ball 3-0: Base on Balls
|
|
Batting: RHB Zheng-ze King
|
0-0: Foul Ball, location: 2F 0-1: Foul Ball, location: 2F 0-2: Ball Wild Pitch! Toki Takeuchi to third Nick Holsinger to second 1-2: Foul Ball, location: 2F 1-2: DOUBLE (Groundball, 5L, EV 104.4 MPH) Toki Takeuchi scores Nick Holsinger scores
|
|
Batting: SHB Richello Badua
|
0-0: Ball 1-0: Ball 2-0: Ball 3-0: Base on Balls
|
|
Batting: RHB Josh McCormick
|
0-0: Ball 1-0: Fly out, F8 (Flyball, 8RS, EV 73.8 MPH)
|
|
Batting: LHB Oke Monti
|
0-0: Ball 1-0: Swinging Strike 1-1: Ball 2-1: Ball 3-1: DOUBLE (Line Drive, 78D, EV 106.9 MPH) Zheng-ze King scores Richello Badua to third Runner from 3rd tries for Home, SAFE, throw by LF to trailing runner, SAFE at third!
|
|
Batting: LHB Ryan Murdock
|
0-0: Ball 1-0: Ball 2-0: Ball 3-0: Base on Balls
|
|
Batting: RHB Gerard Michel
|
0-0: Called Strike 0-1: Foul Ball, location: 2F 0-2: Strikes out looking
|
|
Batting: LHB Joe Phillips
|
0-0: Called Strike 0-1: Ball 1-1: Fielders Choice at 2nd, U4 (Groundball, 4M, EV 83.1 MPH)
|
| Top of the 1st over - 4 runs, 3 hits, 0 errors, 2 left on base; Atlanta (MID) 4 - South Bend 0 |
| BOTTOM OF THE 1ST |
|
South Bend Cubs batting - Pitching for Atlanta (MID) Braves : RHP Ioakim Mozgo
|
|
Pitching: RHP Ioakim Mozgo
|
|
|
Batting: RHB Andy Huntley
|
0-0: Called Strike 0-1: Ball 1-1: Foul Ball, location: 2F 1-2: Strikes out swinging
|
|
Batting: RHB Puluke Konane
|
0-0: Ball 1-0: Ground out 5-3 (Groundball, 5, EV 96.2 MPH)
|
|
Batting: LHB Kwang-chih Men
|
0-0: Ball 1-0: Ball 2-0: Ground out 2-3 (Groundball, 2L, EV 68.1 MPH)
|
| Bottom of the 1st over - 0 runs, 0 hits, 0 errors, 0 left on base; Atlanta (MID) 4 - South Bend 0 |
| TOP OF THE 2ND |
|
Atlanta (MID) Braves batting - Pitching for South Bend Cubs : RHP Steve Vint
|
|
Batting: RHB Toki Takeuchi
|
0-0: Ball 1-0: Called Strike 1-1: Ball 2-1: Ground out 5-3 (Groundball, 56S, EV 85.0 MPH)
|
|
Batting: RHB Nick Holsinger
|
0-0: Foul Ball, location: 2F 0-1: Called Strike 0-2: Ball 1-2: Ball 2-2: Fly out, F9 (Line Drive, 9S, EV 90.6 MPH)
|
|
Batting: RHB Zheng-ze King
|
0-0: Foul Ball, location: 2F 0-1: Called Strike 0-2: Ball 1-2: Ground out 6-3 (Groundball, 6, EV 76.2 MPH)
|
| Top of the 2nd over - 0 runs, 0 hits, 0 errors, 0 left on base; Atlanta (MID) 4 - South Bend 0 |
| BOTTOM OF THE 2ND |
|
South Bend Cubs batting - Pitching for Atlanta (MID) Braves : RHP Ioakim Mozgo
|
|
Batting: RHB Juan Bonilla
|
0-0: Ground out 4-3 (Groundball, 4, EV 85.6 MPH)
|
|
Batting: RHB Han-seung Hah
|
0-0: Ball 1-0: Swinging Strike 1-1: Ball 2-1: Ground out U3 (Groundball, 34, EV 98.1 MPH)
|
|
Batting: RHB Denis Rachin
|
0-0: Foul Ball, location: 2F 0-1: Ball 1-1: Foul Ball, location: 2F 1-2: Ground out 5-3 (Groundball, 25, EV 85.0 MPH)
|
| Bottom of the 2nd over - 0 runs, 0 hits, 0 errors, 0 left on base; Atlanta (MID) 4 - South Bend 0 |
| TOP OF THE 3RD |
|
Atlanta (MID) Braves batting - Pitching for South Bend Cubs : RHP Steve Vint
|
|
Batting: SHB Richello Badua
|
0-0: Ball 1-0: Called Strike 1-1: Ball 2-1: Ball 3-1: Called Strike 3-2: Foul Ball, location: 2F 3-2: Foul Ball, location: 2F 3-2: Foul Ball, location: 2F 3-2: Fly out, F9 (Flyball, 9D, EV 103.1 MPH)
|
|
Batting: RHB Josh McCormick
|
0-0: Fly out, F4 (Popup, 4, EV 72.5 MPH)
|
|
Batting: LHB Oke Monti
|
0-0: Ball 1-0: Ball 2-0: Called Strike 2-1: Ball 3-1: Base on Balls
|
|
Batting: LHB Ryan Murdock
|
0-0: Called Strike 0-1: Called Strike 0-2: Strikes out swinging
|
| Top of the 3rd over - 0 runs, 0 hits, 0 errors, 1 left on base; Atlanta (MID) 4 - South Bend 0 |
| BOTTOM OF THE 3RD |
|
South Bend Cubs batting - Pitching for Atlanta (MID) Braves : RHP Ioakim Mozgo
|
|
Batting: LHB Adam Conover
|
0-0: Called Strike 0-1: Fly out, F7 (Flyball, 78D, EV 93.8 MPH)
|
|
Batting: RHB Hugo Torrez
|
0-0: Ball 1-0: Called Strike 1-1: Fly out, F5 (Line Drive, 56, EV 64.4 MPH)
|
|
Batting: LHB Hiroki Yamamoto
|
0-0: Ground out 6-3 (Groundball, 6M, EV 80.6 MPH)
|
| Bottom of the 3rd over - 0 runs, 0 hits, 0 errors, 0 left on base; Atlanta (MID) 4 - South Bend 0 |
| TOP OF THE 4TH |
|
Atlanta (MID) Braves batting - Pitching for South Bend Cubs : RHP Steve Vint
|
|
Batting: RHB Gerard Michel
|
0-0: Ball 1-0: Fly out, F4 (Line Drive, 4D, EV 70.6 MPH)
|
|
Now at 2B: Ryan Bush
|
|
|
Batting: LHB Joe Phillips
|
0-0: Foul Ball, location: 2F 0-1: Swinging Strike 0-2: Foul Ball, location: 2F 0-2: Strikes out swinging
|
|
Batting: RHB Toki Takeuchi
|
0-0: Hit by Pitch
|
|
Batting: RHB Nick Holsinger
|
0-0: Called Strike Toki Takeuchi steals 2nd base (no throw) 0-1: Called Strike 0-2: SINGLE (Groundball, 56D, EV 96.2 MPH) Toki Takeuchi to third Runner from 3rd tries for Home, throw by LF and OUT! 7-2
|
| Top of the 4th over - 0 runs, 1 hit, 0 errors, 1 left on base; Atlanta (MID) 4 - South Bend 0 |
| BOTTOM OF THE 4TH |
|
South Bend Cubs batting - Pitching for Atlanta (MID) Braves : RHP Ioakim Mozgo
|
|
Batting: RHB Andy Huntley
|
0-0: Ball 1-0: Foul Ball, location: 2F 1-1: Ground out 5-3 (Groundball, 56S, EV 70.0 MPH)
|
|
Batting: RHB Puluke Konane
|
0-0: Called Strike 0-1: Ball 1-1: Called Strike 1-2: Strikes out looking
|
|
Batting: RHB Ryan Bush
|
0-0: Ball 1-0: Ball 2-0: Foul Ball, location: 2F 2-1: Called Strike 2-2: Foul Ball, location: 2F 2-2: Ball 3-2: Foul Ball, location: 2F 3-2: Strikes out swinging
|
| Bottom of the 4th over - 0 runs, 0 hits, 0 errors, 0 left on base; Atlanta (MID) 4 - South Bend 0 |
| TOP OF THE 5TH |
|
Atlanta (MID) Braves batting - Pitching for South Bend Cubs : RHP Steve Vint
|
|
Batting: RHB Zheng-ze King
|
0-0: Called Strike 0-1: Ground out 6-3 (Groundball, 6, EV 83.8 MPH)
|
|
Batting: SHB Richello Badua
|
0-0: Ball 1-0: Called Strike 1-1: Foul Ball, location: 2F 1-2: Ground out 4-3 (Groundball, 4, EV 81.2 MPH)
|
|
Batting: RHB Josh McCormick
|
0-0: DOUBLE (Groundball, 5L, EV 106.2 MPH)
|
|
Batting: LHB Oke Monti
|
0-0: SINGLE (Line Drive, 5L, EV 97.5 MPH) Josh McCormick to third
|
|
Batting: LHB Ryan Murdock
|
0-0: Ball 1-0: Swinging Strike 1-1: Ball 2-1: Fielders Choice at 2nd, U6 (Groundball, 6M, EV 80.0 MPH)
|
| Top of the 5th over - 0 runs, 2 hits, 0 errors, 2 left on base; Atlanta (MID) 4 - South Bend 0 |
| BOTTOM OF THE 5TH |
|
South Bend Cubs batting - Pitching for Atlanta (MID) Braves : RHP Ioakim Mozgo
|
|
Batting: RHB Juan Bonilla
|
0-0: Ball 1-0: SINGLE (Flyball, 8RS, EV 89.4 MPH)
|
|
Batting: RHB Han-seung Hah
|
0-0: Ball 1-0: Foul Ball, location: 2F 1-1: Swinging Strike 1-2: SINGLE (Line Drive, 6MD, EV 105.6 MPH) Juan Bonilla to second
|
|
Batting: RHB Denis Rachin
|
0-0: Ball 1-0: Foul Ball, location: 2F 1-1: Ball 2-1: Swinging Strike 2-2: Foul Ball, location: 2F 2-2: SINGLE (Groundball, 6MD, EV 94.4 MPH) Juan Bonilla to third Han-seung Hah to second
|
|
Batting: LHB Adam Conover
|
0-0: Ball 1-0: Fielders Choice at 2nd, 5-4 (Groundball, 56S, EV 94.4 MPH) Juan Bonilla scores Han-seung Hah to third
|
|
Batting: RHB Hugo Torrez
|
0-0: Swinging Strike 0-1: Ball 1-1: Fielders Choice at 2nd, 6-4 (Groundball, 6, EV 80.0 MPH) Han-seung Hah scores
|
|
Batting: LHB Hiroki Yamamoto
|
0-0: Ground out 4-3 (Groundball, 34, EV 86.9 MPH)
|
| Bottom of the 5th over - 2 runs, 3 hits, 0 errors, 1 left on base; Atlanta (MID) 4 - South Bend 2 |
| TOP OF THE 6TH |
|
Atlanta (MID) Braves batting - Pitching for South Bend Cubs : RHP Steve Vint
|
|
Pitching: RHP Angel Pesina
|
|
|
Batting: RHB Gerard Michel
|
0-0: Called Strike 0-1: Ball 1-1: Ball 2-1: Ball 3-1: Called Strike 3-2: Fly out, F6 (Line Drive, 6, EV 71.2 MPH)
|
|
Batting: LHB Joe Phillips
|
0-0: Swinging Strike 0-1: Fly out, F8 (Flyball, 8RM, EV 97.5 MPH)
|
|
Batting: RHB Toki Takeuchi
|
0-0: Foul Ball, location: 2F 0-1: Ball 1-1: SINGLE (Flyball, 5D, EV 90.0 MPH)
|
|
Batting: RHB Nick Holsinger
|
0-0: Ball Toki Takeuchi steals 2nd base 1-0: Called Strike 1-1: Called Strike 1-2: Strikes out swinging
|
| Top of the 6th over - 0 runs, 1 hit, 0 errors, 1 left on base; Atlanta (MID) 4 - South Bend 2 |
| BOTTOM OF THE 6TH |
|
South Bend Cubs batting - Pitching for Atlanta (MID) Braves : RHP Ioakim Mozgo
|
|
Batting: RHB Andy Huntley
|
0-0: Swinging Strike 0-1: Ball 1-1: Foul Ball, location: 2F 1-2: Strikes out looking
|
|
Batting: RHB Puluke Konane
|
0-0: Swinging Strike 0-1: Swinging Strike 0-2: Strikes out swinging
|
|
Batting: RHB Ryan Bush
|
0-0: Called Strike 0-1: Called Strike 0-2: DOUBLE (Line Drive, 78D, EV 111.2 MPH)
|
|
Batting: RHB Juan Bonilla
|
0-0: Called Strike 0-1: Swinging Strike 0-2: Ball 1-2: Ground out 4-3 (Groundball, 4, EV 96.2 MPH)
|
| Bottom of the 6th over - 0 runs, 1 hit, 0 errors, 1 left on base; Atlanta (MID) 4 - South Bend 2 |
| TOP OF THE 7TH |
|
Atlanta (MID) Braves batting - Pitching for South Bend Cubs : RHP Angel Pesina
|
|
Batting: RHB Zheng-ze King
|
0-0: Swinging Strike 0-1: Ball 1-1: Fly out, F4 (Popup, 34S, EV 79.4 MPH)
|
|
Batting: SHB Richello Badua
|
0-0: Foul Ball, location: 2F 0-1: Ball 1-1: Ball 2-1: Ball 3-1: SINGLE (Groundball, 34D, EV 106.2 MPH)
|
|
Batting: RHB Josh McCormick
|
0-0: Swinging Strike Balk! Richello Badua to second 0-1: Foul Ball, location: 2F 0-2: Ball 1-2: Ball 2-2: Ball 3-2: Base on Balls
|
|
Batting: LHB Oke Monti
|
0-0: Called Strike 0-1: Ball 1-1: SINGLE (Line Drive, 6MD, EV 100.6 MPH) Richello Badua to third Josh McCormick to second
|
|
Batting: LHB Ryan Murdock
|
0-0: Ball 1-0: Ball 2-0: Ball 3-0: Base on Balls Richello Badua scores Josh McCormick to third Oke Monti to second
|
|
Pitching: RHP Eric Allen
|
|
|
Batting: RHB Gerard Michel
|
0-0: Ball 1-0: Foul Ball, location: 2F 1-1: Ball 2-1: Swinging Strike 2-2: Ball 3-2: Grounds into fielders choice 6-2 (Groundball, 56S, EV 87.5 MPH) Oke Monti to third Ryan Murdock to second
|
|
Batting: LHB Joe Phillips
|
0-0: Ball 1-0: Foul Ball, location: 2F 1-1: Foul Ball, location: 2F 1-2: SINGLE (Groundball, 6S, EV 68.8 MPH) (infield hit) Oke Monti scores Ryan Murdock to third Gerard Michel to second
|
|
Batting: RHB Toki Takeuchi
|
0-0: Called Strike 0-1: Called Strike 0-2: Strikes out looking
|
| Top of the 7th over - 2 runs, 3 hits, 0 errors, 3 left on base; Atlanta (MID) 6 - South Bend 2 |
| BOTTOM OF THE 7TH |
|
South Bend Cubs batting - Pitching for Atlanta (MID) Braves : RHP Ioakim Mozgo
|
|
Batting: RHB Han-seung Hah
|
0-0: Ball 1-0: Ball 2-0: Ground out 4-3 (Groundball, 4, EV 80.6 MPH)
|
|
Batting: RHB Denis Rachin
|
0-0: Foul Ball, location: 2F 0-1: Foul Ball, location: 2F 0-2: Foul Ball, location: 2F 0-2: Ground out 6-3 (Groundball, 6, EV 84.4 MPH)
|
|
Batting: LHB Adam Conover
|
0-0: Ground out 6-3 (Groundball, 6M, EV 108.8 MPH)
|
| Bottom of the 7th over - 0 runs, 0 hits, 0 errors, 0 left on base; Atlanta (MID) 6 - South Bend 2 |
| TOP OF THE 8TH |
|
Atlanta (MID) Braves batting - Pitching for South Bend Cubs : RHP Eric Allen
|
|
Batting: RHB Nick Holsinger
|
0-0: Swinging Strike 0-1: Foul Ball, location: 2F 0-2: Ball 1-2: Ball 2-2: Foul Ball, location: 2F 2-2: Strikes out looking
|
|
Batting: RHB Zheng-ze King
|
0-0: Ball 1-0: Called Strike 1-1: Ball 2-1: Ground out 5-3 (Groundball, 5, EV 81.2 MPH)
|
|
Batting: SHB Richello Badua
|
0-0: Foul Ball, location: 2F 0-1: Foul Ball, location: 2F 0-2: Ball 1-2: Ball 2-2: Foul Ball, location: 2F 2-2: Foul Ball, location: 2F 2-2: Strikes out swinging
|
| Top of the 8th over - 0 runs, 0 hits, 0 errors, 0 left on base; Atlanta (MID) 6 - South Bend 2 |
| BOTTOM OF THE 8TH |
|
South Bend Cubs batting - Pitching for Atlanta (MID) Braves : RHP Ioakim Mozgo
|
|
Batting: RHB Hugo Torrez
|
0-0: Ball 1-0: Ball 2-0: Ball 3-0: Base on Balls
|
|
Batting: LHB Hiroki Yamamoto
|
0-0: SINGLE (Groundball, 6, EV 107.5 MPH) Hugo Torrez to second
|
|
Batting: RHB Andy Huntley
|
0-0: Ball 1-0: SINGLE (Groundball, 56D, EV 98.1 MPH) Hugo Torrez to third Hiroki Yamamoto to second
|
|
Batting: RHB Puluke Konane
|
0-0: Ball 1-0: Foul Ball, location: 2F 1-1: Ball 2-1: DOUBLE (Groundball, 5L, EV 106.9 MPH) Hugo Torrez scores Hiroki Yamamoto scores Andy Huntley to third Runner from 3rd tries for Home, SAFE, no throw by LF
|
|
Pitching: RHP Jessie Mattei
|
|
|
Batting: RHB Ryan Bush
|
0-0: Ball 1-0: Foul Ball, location: 2F 1-1: Ball 2-1: Foul Ball, location: 2F 2-2: Foul Ball, location: 2F 2-2: Hit by Pitch
|
|
Batting: RHB Juan Bonilla
|
0-0: Called Strike 0-1: Called Strike 0-2: Strikes out swinging
|
|
Batting: RHB Han-seung Hah
|
0-0: Ball Wild Pitch! Puluke Konane to third Ryan Bush to second 1-0: Swinging Strike 1-1: Swinging Strike 1-2: Ball 2-2: Fly out, F9 (Flyball, 9D, EV 101.2 MPH) Runner from 3rd tags up, SCORES, throw by RF Ryan Bush to third
|
|
Batting: RHB Denis Rachin
|
0-0: DOUBLE (Groundball, 5L, EV 103.1 MPH) Ryan Bush scores
|
|
Batting: LHB Adam Conover
|
0-0: Intentional Walk
|
|
Batting: RHB Hugo Torrez
|
0-0: Called Strike 0-1: Ball 1-1: Ball 2-1: Fly out, F9 (Flyball, 89M, EV 84.4 MPH)
|
| Bottom of the 8th over - 5 runs, 4 hits, 0 errors, 2 left on base; Atlanta (MID) 6 - South Bend 7 |
| TOP OF THE 9TH |
|
Atlanta (MID) Braves batting - Pitching for South Bend Cubs : RHP Eric Allen
|
|
Pitching: RHP Jose Mata
|
|
|
Batting: RHB Josh McCormick
|
0-0: Called Strike 0-1: Foul Ball, location: 2F 0-2: Foul Ball, location: 2F 0-2: Ball 1-2: Ground out 6-3 (Groundball, 56, EV 88.1 MPH)
|
|
Batting: LHB Oke Monti
|
0-0: Called Strike 0-1: Ball 1-1: Ball 2-1: Ball 3-1: Foul Ball, location: 2F 3-2: Base on Balls
|
|
Batting: LHB Ryan Murdock
|
0-0: Ball 1-0: Swinging Strike 1-1: Foul Ball, location: 2F 1-2: Strikes out swinging
|
|
Batting: RHB Gerard Michel
|
0-0: Ball 1-0: Ball 2-0: Foul Ball, location: 2F 2-1: Ball 3-1: Base on Balls Oke Monti to second
|
|
Pinch Runner at 2nd George Provance:
|
|
|
Batting: LHB Joe Phillips
|
0-0: Called Strike 0-1: Ball 1-1: Swinging Strike 1-2: Strikes out swinging
|
| Top of the 9th over - 0 runs, 0 hits, 0 errors, 2 left on base; Atlanta (MID) 6 - South Bend 7 |
|